 Dungeon Crawl Stone Soup version 0.29-a0-111-gbaf749a769 (webtiles) character file.

Game seed: 2440444520595134927

325 dracfodder the Skirmisher (level 6, -12/40 HPs)
             Began as a Gargoyle Berserker on Feb 17, 2022.
             Was a Believer of Trog.
             Mangled by an ogre (16 damage)
             ... on level 5 of the Dungeon.
             The game lasted 00:09:38 (3287 turns).

dracfodder the Skirmisher (Gargoyle Berserker)      Turns: 3287, Time: 00:09:38

Health: -12/40     AC: 11    Str: 32    XL:     6   Next: 48%
Magic:  6/6        EV: 11    Int:  7    God:    Trog [**....]
Gold:   47         SH:  0    Dex:  9    Spells: 5/5 levels left

rFire   . . .      SeeInvis .   k - +9 dagger "Faomp" {speed, Str+3}
rCold   . . .      Faith    .   (no shield)
rNeg    + . .      Spirit   .   b - +0 ring mail
rPois   ∞          Reflect  .   (no helmet)
rElec   +          Harm     .   (no cloak)
rCorr   .          Rampage  .   j - +0 pair of gloves
Will    .....                   (no boots)
Stlth   +.........              (no amulet)
HPRegen 0.13/turn               m - +6 ring of strength
MPRegen 0.10/turn               (no ring)

@: on berserk cooldown, slowed, very slow
A: sickness immunity, AC +4, negative energy resistance 1, electricity
resistance, torment resistance 1, petrification resistance
a: Renounce Religion, Berserk, Trog's Hand


You were on level 5 of the Dungeon.
You worshipped Trog.
Trog was pleased with you.
You visited 1 branch of the dungeon, and saw 5 of its levels.

You collected 197 gold pieces.
You spent 150 gold pieces at shops.

Inventory:

Hand Weapons
 a - a +1 great mace
 k - the +9 dagger "Faomp" (weapon) {speed, Str+3}
   (You found it on level 2 of the Dungeon)

   Attacks with this weapon are significantly faster.
   Str:       It affects your strength (+3).
Missiles
 c - 110 stones (quivered)
 i - 2 throwing nets
 n - 15 sling bullets
 q - 6 poisoned darts
 r - 19 arrows
 w - 4 javelins
Armour
 b - a +0 ring mail (worn)
 j - a +0 pair of gloves (worn)
Jewellery
 m - a +6 ring of strength (left hand)
Wands
 o - a wand of acid (10)
Scrolls
 e - a scroll of torment {unknown}
 h - 4 scrolls of identify
 t - a scroll of teleportation
 u - a scroll of magic mapping
 v - a scroll of enchant armour
Potions
 d - 4 potions of curing {unknown}
 f - a potion of haste {unknown}
 g - 3 potions of attraction {unknown}
 l - 2 potions of resistance {unknown}
 p - a potion of heal wounds {unknown}
 s - a potion of lignification {unknown}


   Skills:
 * Level 5.2 Fighting
 + Level 2.2 Short Blades
 + Level 4.2 Maces & Flails
 + Level 3.1 Armour
 + Level 2.1 Dodging
 + Level 1.4 Stealth


You had 5 spell levels left.
You didn't know any spells.
Your spell library was empty.

Dungeon Overview and Level Annotations

Branches:
Dungeon (5/15)
 Temple: D:4-7

Altars:
Gozag
Xom

Shops:
D:1 *=   D:3 ?

Annotations:
D:4 3 runed translucent doors, hellse's ghost, weakling VSDe


Innate Abilities, Weirdness & Mutations

You are immune to sickness and miasma.
Your stone body is resilient. (AC +4)
You are immune to poison.
You resist negative energy. (rN+)
You are resistant to electric shocks. (rElec)
You are resistant to unholy torment.
You are immune to petrification.


Message History

The necrophage barely misses you.
You puncture the necrophage!
The necrophage is moderately damaged.
The necrophage hits you but does no damage.
You puncture the necrophage!
The necrophage is severely damaged.
You puncture the necrophage!
You destroy the necrophage!
Trog accepts your kill.
Your Short Blades skill increases to level 2!
Your Armour skill increases to level 3!
You feel a strong urge to attack something.
You are no longer berserk.
You are exhausted.
You feel yourself slow down.
You hit the ogre.
The ogre is lightly wounded.
The ogre hits you with a +0 giant club!
You hit the ogre.
The ogre is moderately wounded.
The ogre misses you.
You barely miss the ogre.
The ogre is moderately wounded.
You barely miss the ogre.
The ogre is moderately wounded.
The ogre closely misses you.
You puncture the ogre!
The ogre is heavily wounded.
The ogre hits you with a +0 giant club!!
Ouch! That really hurt!
* * * LOW HITPOINT WARNING * * *
You hit the ogre.
The ogre is severely wounded.
You completely miss the ogre.
The ogre is severely wounded.
The ogre barely misses you.
You hit the ogre.
The ogre is almost dead.
The ogre hits you with a +0 giant club!
You die...

# .# ## . .
.#.
.######.#
.......O##
.......@.##
.###......##
##.#..#.#
##..#.#.#
#.>.## #
.#####..#..#
..<.....####
#.....#..#
##.#####..#
##.


You could see an ogre.

Vanquished Creatures
  A necrophage (D:5)
  An ogre (D:2)
  Natasha (D:2)
  4 gnolls (D:4)
  An adder (D:4)
  A worm (D:2)
  A dart slug (D:2)
  6 ball pythons
  4 endoplasms
  4 giant cockroaches
  4 hobgoblins
  11 jackals
  10 kobolds
  3 quokkas
  5 bats
  6 goblins
  3 rats
66 creatures vanquished.

Notes
Turn   | Place    | Note
-------+----------+-------------------------------------------
     0 | D:1      | dracfodder the Gargoyle Berserker began the quest for the
                  | Orb.
     0 | D:1      | Reached XP level 1. HP: 14/14 MP: 1/1
    35 | D:1      | Found Vocsemuph's Jewellery Shoppe.
   198 | D:1      | Reached XP level 2. HP: 11/20 MP: 2/2
   903 | D:2      | Reached skill level 4 in Fighting
  1099 | D:1      | Found Iwey's Assorted Antiques.
  1105 | D:1      | Reached XP level 3. HP: 24/24 MP: 3/3
  1248 | D:2      | Found a shimmering altar of Xom.
  1389 | D:2      | Identified the +9 dagger "Faomp" {speed, Str+3}
  1454 | D:2      | Found a faded altar of an unknown god.
  1645 | D:2      | Noticed Natasha
  1653 | D:2      | Reached ** piety under Trog
  1660 | D:2      | Killed Natasha
  1661 | D:2      | Reached XP level 4. HP: 24/30 MP: 4/4
  1885 | D:2      | Noticed an ogre
  1890 | D:2      | Killed an ogre
  1891 | D:2      | Reached skill level 1 in Short Blades
  1891 | D:2      | Reached XP level 5. HP: 34/34 MP: 5/5
  2500 | D:3      | Reached skill level 1 in Stealth
  2648 | D:3      | Found Gintod Ukkui's Magic Scroll Shop.
  2662 | D:3      | Bought a scroll of identify for 20 gold pieces
  2662 | D:3      | Bought a scroll of magic mapping for 35 gold pieces
  2662 | D:3      | Bought a scroll of identify for 20 gold pieces
  2662 | D:3      | Bought a scroll of enchant armour for 75 gold pieces
  2753 | D:3      | Found a faded altar of an unknown god.
  2758 | D:3      | Found an opulent altar of Gozag.
  3122 | D:4      | Found a runed translucent gate.
  3122 | D:4      | Found a runed translucent gate.
  3124 | D:4      | Found a runed translucent gate.
  3135 | D:4      | Identified the +2 ring mail of Wuplown {Will+}
  3136 | D:4      | Noticed hellse's ghost (weakling VSDe)
  3150 | D:4      | Reached skill level 5 in Fighting
  3150 | D:4      | Reached XP level 6. HP: 29/40 MP: 6/6
  3255 | D:5      | Entered Level 5 of the Dungeon
  3269 | D:5      | Noticed a necrophage
  3276 | D:5      | Killed a necrophage
  3287 | D:5      | Mangled by an ogre

Illustrated notes

Levels and vault maps discovered:
D:1:      minmay_arrival_four_circles, layout_basic, serial_shops, shop,
          nicolae_shop_behind_doors
D:2:      layout_basic, chequers_ecumenical_altar_simple_redux, basic_altar,
          grunt_ministairs_4, uniq_natasha
D:3:      layout_basic, nicolae_overflow_ecumenical_swirl, serial_shops,
          nicolae_shop_window_shopping
D:4:      layout_gridville, biasface_ghost_orc_armoury, serial_bayou_lake_a
D:5:      layout_layer_cave, kennysheep_generic_room_5

Skill      XL: |  1  2  3  4  5  6 |
---------------+-------------------+-----
Fighting       | 4 5 |  5.2
Short Blades   | 1 2 |  2.2
Dodging        | 2 |  2.1
Maces & Flails | 4 |  4.2
Stealth        | 1 |  1.4
Armour         | 3 |  3.1

Action                   |  1- 3 |  4- 6 || total
-------------------------+-------+-------++-------
Melee: Mace              |    51 |       ||    51
       Dagger            |    25 |    69 ||    94
       Great mace        |    21 |       ||    21
Invok: Berserk           |     1 |     2 ||     3
  Use: Scroll            |       |     4 ||     4
Armor: Animal skin       |    21 |       ||    21
       Ring mail         |    22 |    16 ||    38
Dodge: Dodged            |    60 |    24 ||    84

Table legend: (Time is in decaauts)
 A = Elapsed time spent in this place.
 B = Non-inter-level travel time spent in this place.
 C = Inter-level travel time spent in this place.
 D = Time resting spent in this place.
 E = Time spent auto-exploring this place.
 F = Levels seen in this place.
 G = Mean time per level.
                   A        B        C        D        E       F      G
               +--------+--------+--------+--------+--------+-----+--------+
         Total |   3297 |   3130 |    167 |    364 |   2181 |   5 |  659.4 |
       Dungeon |   3297 |   3130 |    167 |    364 |   2181 |   5 |  659.4 |
               +--------+--------+--------+--------+--------+-----+--------+

Top non-repeatable levels by time:
     D:1: 1186 daAuts
     D:3: 1042 daAuts
     D:2: 853 daAuts
     D:4: 188 daAuts
     D:5: 27 daAuts
